 Dungeon Sprint DCSS version 0.27.1-4-g1640c2035a (webtiles) character file.

Game seed: 10895126750880663395

238 boopmooplesden the Protected (level 5, -1/53 HPs)
             Began as a Minotaur Fighter on Nov 10, 2021.
             Was a Follower of Okawaru.
             Slain by a shadow wraith (13 damage)
             ... in the Dungeon (Sprint VII: "The Pits").
             The game lasted 00:01:36 (569 turns).

boopmooplesden the Protected (Minotaur Fighter)      Turns: 569, Time: 00:01:37

Health: -1/53      AC: 16    Str: 22    XL:     5   Next: 78%
Magic:  2/4        EV: 10    Int:  5    God:    Okawaru [*.....]
Gold:   0          SH: 13    Dex:  9    Spells: 4/4 levels left

rFire    . . .     SeeInvis .   f - +0 long sword (flame)
rCold    . . .     Faith    .   c - +0 kite shield
rNeg     . . .     Spirit   .   d - +3 chain mail
rPois    .         Reflect  .   (helmet restricted)
rElec    .         Harm     .   (no cloak)
rCorr    .         Rampage  .   (no gloves)
Will     .....     NoTele   +   (no boots)
Stlth    ..........             (no amulet)
HPRegen  0.17/turn              (no ring)
MPRegen  0.09/turn              (no ring)

@: heroic, slowed, very slow
A: horns 2, retaliatory headbutt
a: Renounce Religion, Heroism


You were in the Dungeon.
You worshipped Okawaru.
Okawaru was aware of your devotion.
You visited 1 branch

Inventory:

Hand Weapons
 a - a +0 long sword
 f - a +0 long sword of flaming (weapon)
 k - a +2 falchion
Armour
 b - a +0 scale mail
 c - a +0 kite shield (worn)
 d - a +3 chain mail (worn)
Scrolls
 j - a scroll of blinking
 m - 5 scrolls of amnesia
 n - a scroll of summoning
Potions
 e - 6 potions of curing
 g - a potion of haste
 h - 4 potions of magic
 i - 3 potions of berserk rage
 l - 2 potions of invisibility
 o - 5 potions of heal wounds


   Skills:
 + Level 7.9(12.9) Fighting
 + Level 6.1(11.1) Long Blades
 + Level 9.0(14.0) Armour
 + Level 1.9(6.9) Dodging
 + Level 8.0(13.0) Shields


You had 4 spell levels left.
You didn't know any spells.
Your spell library was empty.

Dungeon Overview and Level Annotations

Branches:
Dungeon (1/1)

Altars:
Ashenzari
Cheibriados
Dithmenos
Elyvilon
Fedhas
Gozag
Hepliaklqana
Kikubaaqudgha
Makhleb
Nemelex Xobeh
Okawaru
Qazlal
Ru
Sif Muna
Trog
Uskayaw
Vehumet
Wu Jian
Xom
Yredelemnul
Zin
The Shining One
Beogh
Jiyva
Lugonu


Innate Abilities, Weirdness & Mutations

You have a pair of horns on your head.
You reflexively headbutt those who attack you in melee.


Message History

Your Armour skill increases to level 8!
Your Shields skill increases to level 7!
You have reached level 5!
You closely miss the hound. The hound bites you. x2
You hit the hound but do no damage. The hound bites you but does no damage.
You block the hound's attack.
You slash the hound! You burn the hound. Your headbutt misses the hound.
The hound is almost dead.
You block the hound's attack.
You hit the hound. You burn the hound.
You kill the hound!
Okawaru accepts your kill.
Your Long Blades skill increases to level 6!
Your Armour skill increases to level 9!
Your Shields skill increases to level 8!
You see here a hound corpse.
There is an open door here.
You start resting.
HP restored.
You open the door.
A quokka comes into view.
You hit the quokka. You burn the quokka.
You kill the quokka!
Okawaru accepts your kill.
There is an open door here.
You see here a quokka corpse.
You gain the combat prowess of a mighty hero.
You open the door.
You hear a chilling moan.
Deactivating autopickup; reactivate with Ctrl-A.
You miss something. You headbutt something. Something hits you!
You barely miss something. Your headbutt misses something. Something hits you!!
Something drains your vigour!
You feel yourself slow down.
You hit something. You burn something. You headbutt something.
Something hits you!
* * * LOW HITPOINT WARNING * * *
Something drains your vigour!
You feel as though you will be slow longer.
You barely miss something. Something hits you!
You die...

#.#........##.......#
#'###########.......#
#..#.#.## #########
#.......# ##.#.#.##
#.......#+#
##.#.#.##.+
#.......#{#
##.#.#..†@#
##########


There were no monsters in sight!

Vanquished Creatures
  A wolf (D)
  2 crimson imps (D)
  A hound (D)
  An orc priest (D)
  An orc wizard (D)
  An adder skeleton (D)
  3 orcs (D)
  A bat (D)
  An endoplasm (D)
  2 giant cockroaches (D)
  2 jackals (D)
  2 quokkas (D)
  A ball python skeleton (D)
  A kobold (D)
20 creatures vanquished.

Notes
Turn   | Place    | Note
-------+----------+-------------------------------------------
     0 | D        | boopmooplesden the Minotaur Fighter began the quest for the
                  | Orb.
     0 | D        | Reached XP level 1. HP: 19/19 MP: 0/0
    38 | D        | Found a glowing golden altar of the Shining One.
    38 | D        | Found a glowing silver altar of Zin.
    38 | D        | Found a basalt altar of Yredelemnul.
    38 | D        | Found a shimmering altar of Xom.
    38 | D        | Found an ornate altar of the Wu Jian Council.
    38 | D        | Found a bloodstained altar of Trog.
    38 | D        | Found a shimmering blue altar of Sif Muna.
    38 | D        | Found a sacrificial altar of Ru.
    38 | D        | Found a stormy altar of Qazlal.
    38 | D        | Found an iron altar of Okawaru.
    38 | D        | Found a sparkling altar of Nemelex Xobeh.
    38 | D        | Found a burning altar of Makhleb.
    38 | D        | Found a viscous altar of Jiyva.
    38 | D        | Found a hazy altar of Hepliaklqana.
    38 | D        | Found an opulent altar of Gozag.
    38 | D        | Found a blossoming altar of Fedhas.
    38 | D        | Found a white marble altar of Elyvilon.
    38 | D        | Found a shadowy altar of Dithmenos.
    38 | D        | Found a snail-covered altar of Cheibriados.
    39 | D        | Found a radiant altar of Vehumet.
    39 | D        | Found a corrupted altar of Lugonu.
    40 | D        | Found a hide-covered altar of Uskayaw.
    40 | D        | Found an ancient bone altar of Kikubaaqudgha.
    40 | D        | Found a broken altar of Ashenzari.
    44 | D        | Became a worshipper of Warmaster Okawaru
    57 | D        | Reached skill level 4 in Armour
    71 | D        | Reached XP level 2. HP: 21/28 MP: 1/1
    96 | D        | Reached skill level 5 in Fighting
    96 | D        | Reached skill level 5 in Armour
    96 | D        | Reached skill level 5 in Shields
    98 | D        | Reached XP level 3. HP: 9/37 MP: 2/2
   339 | D        | Reached skill level 6 in Armour
   339 | D        | Reached skill level 1 in Dodging
   339 | D        | Reached XP level 4. HP: 40/45 MP: 3/3
   351 | D        | Reached * piety under Okawaru
   352 | D        | Reached skill level 7 in Armour
   365 | D        | Noticed a wolf
   379 | D        | Killed a wolf
   380 | D        | Reached skill level 5 in Long Blades
   380 | D        | Reached skill level 8 in Armour
   380 | D        | Reached XP level 5. HP: 30/53 MP: 4/4
   384 | D        | Reached skill level 9 in Armour
   569 | D        | Slain by a shadow wraith

Illustrated notes

Levels and vault maps discovered:
D:        pitsprint [storerooms_1, entrance_room_1, metal_vault_5, armoury_1,
          mini_pit_1, grid_room_1, main_hall_1, silver_pit, the_coven_1,
          the_vestibule_1, steel_vault_4, golden_pit, hallway_of_sentries,
          crystal_vault_4, iron_vault_2, final_vault]

Skill      XL: |  1  2  3  4  5 |
---------------+----------------+-----
Fighting       | 4 6 7 |  7.9
Armour         | 4 5 6 8 9 |  9.0
Shields        | 4 5 6 7 8 |  8.0
Long Blades    | 3 4 5 6 |  6.1
Dodging        | 1 |  1.9

Action                   |  1- 3 |  4- 6 || total
-------------------------+-------+-------++-------
Melee: Falchion          |    21 |       ||    21
       Long sword        |    18 |    28 ||    46
       Headbutt          |     6 |     4 ||    10
Invok: Heroism           |       |     1 ||     1
  Use: Potion            |     2 |       ||     2
Armor: Scale mail        |     6 |       ||     6
       Chain mail        |    11 |    12 ||    23
Dodge: Dodged            |    12 |     9 ||    21
Block: Kite shield       |    13 |    12 ||    25
       Rpst.: Falchion   |     1 |       ||     1
       Long sword        |       |     4 ||     4
